 Dungeon Crawl Stone Soup version 0.29.1-12-g30fa7ad0bf (webtiles) character file.

Game seed: 4995917550064601113

14653 DildoBatman the Fighter (level 12, -4/96 HPs)
             Began as a Formicid Conjurer on Jan 17, 2023.
             Was an Elder of Kikubaaqudgha.
             Slain by a cyclops (28 damage)
             ... on level 10 of the Dungeon.
             The game lasted 00:48:46 (11996 turns).

DildoBatman the Fighter (Formicid Conjurer)        Turns: 11996, Time: 00:48:46

Health: -4/96      AC: 11    Str: 11    XL:     12   Next: 47%
Magic:  22/22      EV: 17    Int: 30    God:    Kikubaaqudgha [****..]
Gold:   504        SH:  0    Dex: 20    Spells: 13/25 levels left

rFire   + . .      SeeInvis +   a - +6 hammer of Desertification {drain, rCorr Dex+2 Stlth+}
rCold   + . .      Faith    .   (no shield)
rNeg    . . .      Spirit   .   O - +2 robe of the Curious Seers {rF+ rC+}
rPois   .          Reflect  .   (helmet unavailable)
rElec   .          Harm     .   p - +0 cloak
rCorr   +          Rampage  .   v - +0 pair of gloves
Will    +....      Clarity  +   N - +2 pair of boots
Stlth   +++.......              m - amulet of magic regeneration
HPRegen 0.26/turn               q - +6 ring of intelligence
MPRegen 0.58/turn               x - +6 ring of dexterity

@: no status effects
A: permanent stasis, dig shafts and tunnels, antennae 3, four strong arms,
clarity, MP-powered wands, sturdy frame 1
a: Dig, Shaft Self, Renounce Religion, Unearth Wretches


You were on level 10 of the Dungeon.
You worshipped Kikubaaqudgha.
Kikubaaqudgha was greatly pleased with you.
You visited 2 branches of the dungeon, and saw 12 of its levels.
You also visited: Ossuary.

You collected 564 gold pieces.
You spent 60 gold pieces at shops.

Inventory:

Hand Weapons
 a - the +6 hammer of Desertification (weapon) {drain, rCorr Dex+2 Stlth+}
   (You found it on level 6 of the Dungeon)

   A truly terrible weapon, it drains the life of any living foe it strikes.
   Dex:       It affects your dexterity (+2).
   rCorr:     It protects you from acid and corrosion.
   Stlth:     It makes you more stealthy.
 b - the +4 short sword "Higuats" {vorpal, Int+6}
   (You found it on level 5 of the Dungeon)

   It inflicts extra damage upon your enemies.
   Int:       It affects your intelligence (+6).
 c - the +7 short sword "Qisuad" {vorpal, rElec rPois rF-}
   (You found it on level 3 of the Dungeon)

   It inflicts extra damage upon your enemies.
   rF:        It makes you vulnerable to fire.
   rElec:     It insulates you from electricity.
   rPois:     It protects you from poison.
 d - the +11 falchion "Jageat" {freeze, Str+4}
   (You found it on level 4 of the Dungeon)

   It freezes those it strikes, dealing additional cold damage.
   It can also slow down cold-blooded creatures.
   Str:       It affects your strength (+4).
 e - the +4 morningstar "Pueces" {holy, rN+ Str+6}
   (You took it off a centaur on level 11 of the Dungeon)

   It has been blessed by the Shining One to cause great damage to the undead
   and demons.
   Str:       It affects your strength (+6).
   rN:        It protects you from negative energy.
 o - a +0 shortbow
Missiles
 k - 34 poisoned darts (quivered)
Armour
 p - a +0 cloak (worn)
 v - a +0 pair of gloves (worn)
 N - a +2 pair of boots (worn)
 O - the +2 robe of the Curious Seers (worn) {rF+ rC+}
   (You found it on level 10 of the Dungeon)

   rF:        It protects you from fire.
   rC:        It protects you from cold.
Jewellery
 f - a ring of positive energy
 m - an amulet of magic regeneration (around neck)
 n - a ring of willpower
 q - a +6 ring of intelligence (left hand)
 x - a +6 ring of dexterity (right hand)
 L - a ring of poison resistance
Wands
 s - a wand of charming (17)
 y - a wand of iceblast (9)
 E - a wand of flame (8)
 G - a wand of acid (8)
Scrolls
 g - 2 scrolls of torment {unknown}
 i - 3 scrolls of immolation
 j - 2 scrolls of enchant weapon {unknown}
 r - 3 scrolls of poison
 t - 2 scrolls of summoning
 z - 2 scrolls of identify
 A - a scroll of fog
 C - a scroll of silence {unknown}
 D - 5 scrolls of amnesia
 H - a scroll of noise {unknown}
 I - 2 scrolls of blinking {unknown}
 J - 2 scrolls of vulnerability {unknown}
 M - 2 scrolls of teleportation {unknown}
Potions
 h - a potion of resistance {unknown}
 l - 8 potions of flight
 u - 3 potions of brilliance
 w - 3 potions of mutation
 B - 7 potions of curing
 F - 3 potions of lignification
 K - 5 potions of heal wounds


   Skills:
 - Level 9.4 Fighting
 - Level 9.3 Armour
 - Level 7.2 Dodging
 - Level 2.4 Stealth
 - Level 7.0 Spellcasting
 - Level 6.0 Conjurations
 * Level 6.1 Necromancy
 * Level 4.9 Air Magic
 - Level 7.0 Poison Magic


You had 13 spell levels left.
You knew the following spells:

 Your Spells              Type           Power      Damage    Failure   Level
a - Searing Ray           Conj           92%        2d7       1%          2
c - Magic Dart            Conj           100%       1d8       1%          1
e - Mephitic Cloud        Conj/Pois/Air  46%        N/A       1%          3
h - Dispel Undead         Necr           47%        3d18      3%          4
z - Sublimation of Blood  Necr           47%        N/A       1%          2

Your spell library contained the following spells:

 Spells                   Type           Power      Damage    Failure   Level
 Necrotise                Necr           100%       1d9       1%          1
 Shock                    Conj/Air       100%       1d9       1%          1
 Poisonous Vapours        Pois/Air       92%        N/A       1%          2
 Animate Dead             Necr           47%        N/A       3%          4
 Dazzling Flash           Conj/Hex       56%        N/A       4%          3
 Corpse Rot               Necr/Pois/Air  46%        N/A       4%          4
 Airstrike                Air            20%        2d(3-19)  6%          4
 Call Imp                 Summ           10%        N/A       7%          2
 Agony                    Necr           47%        N/A       11%         5
 Anguish                  Hex/Necr       14%        N/A       14%         4
 Fulminant Prism          Conj/Hex       14%        3d9       14%         4
 Iskenderun's Mystic Bla  Conj/Tloc      28%        2d7       14%         4
 Death Channel            Necr           23%        N/A       52%         6
 Lee's Rapid Deconstruct  Erth           5%         3d7*      78%         5
 Simulacrum               Ice/Necr       14%        N/A       91%         6
 Swiftness                Air            Unusable   N/A       N/A         3

Dungeon Overview and Level Annotations

Branches:
Dungeon (11/15)            Temple (1/1) D:4            Lair (0/5) D:8
Ossuary (visited)
    Orc: D:9-12

Altars:
Ashenzari
Cheibriados
Dithmenos
Elyvilon
Fedhas
Gozag
Hepliaklqana
Kikubaaqudgha
Makhleb
Nemelex Xobeh
Okawaru
Qazlal
Ru
Sif Muna
Trog
Uskayaw
Vehumet
Wu Jian
Xom
Yredelemnul
Zin
The Shining One

Shops:
D:3 (   D:7 *

Annotations:
D:10 exclusion: broodmother


Innate Abilities, Weirdness & Mutations

You cannot be hasted, slowed, berserked, paralysed or teleported.
You can dig through walls and to a lower floor.
You have a pair of large antennae on your head. (SInv)
Your four strong arms can wield two-handed weapons with a shield.
You possess an exceptional clarity of mind.
You expend magic power (3 MP) to strengthen your wands.
Your movements are slightly less encumbered by armour. (ER -2)


Message History

Things that are here:
5 large rocks; a cyclops corpse
There is a stone staircase leading down here.
The +11 falchion "Jageat" {freeze, Str+4} stops glowing.
You feel agile.
You sense an unholy aura.
a - the +6 hammer of Desertification (weapon)
{drain, rCorr Dex+2 Stlth+} You start resting.
Magic restored.
You climb downwards.
The four-headed hydra bites you but does no damage.
The four-headed hydra barely misses you.
The four-headed hydra bites you but does no damage.
The four-headed hydra bites you. The cyclops misses you.
The four-headed hydra completely misses you.
The four-headed hydra closely misses you. x2
The four-headed hydra bites you but does no damage.
There is a stone staircase leading up, spattered with blood here.
The four-headed hydra bites you but does no damage.
The four-headed hydra bites you! x2
The four-headed hydra bites you but does no damage.
The cyclops misses you.
You climb upwards.
Level annotation: exclusion: broodmother
There is a stone staircase leading down here.
Are you sure you want to shaft yourself?
The cyclops hits you! The four-headed hydra misses you.
The four-headed hydra bites you! The four-headed hydra bites you.
The four-headed hydra bites you but does no damage.
You begin to dig a shaft.
You continue digging a shaft.
The four-headed hydra barely misses you.
The four-headed hydra bites you! The four-headed hydra misses you. x2
The cyclops hits you!!
You die...
Kikubaaqudgha rasps: "You have failed me!
Welcome... death!"

#################################
..............#...#..............
..............#...#..............
###########...##..#####.......#..
.......#.......#..............#..
.......#.......#..............#..
#....###.......#.D............#..
#......#.......#@C(...........#..
#......#.......#.>............#..
#......#.......########..#....#..
#......#.................#....#..
##.....#.................#....###
.#.....#.......#####..#..#....#..
.#.....#.......#......#..######..
.#.....#.......#......#.......#..
###.####.......#......#.......#..


You could see a four-headed hydra and a cyclops.

Vanquished Creatures
  4 two-headed ogres
  Pikel (D:6)
  2 deep elf zephyrmancers (D:9)
  An ugly thing (D:10)
  2 cyclopes
  Maggie (D:7)
  A kobold demonologist (D:11)
  2 komodo dragons (D:8)
  4 trolls
  A hornet (D:9)
  A shadow (D:11)
  Sigmund (D:6)
  A wyvern (D:7)
  12 yaks
  2 basilisks (D:8)
  Grum (D:11)
  Menkaure (D:7)
  The ghost of vvl the Stinger, an amateur DsVM (D:4)
  An acid dragon (D:8)
  A water moccasin (D:8)
  A swamp drake (D:9)
  An orc warrior (D:11)
  A sky beast (D:8)
  An ice beast (D:5)
  4 ogres
  4 black bears
  6 centaurs (D:11)
  3 wolves (D:11)
  A phantom (D:5)
  4 lemures (D:6)
  An elf zombie (Ossuary)
  A gnoll sergeant (D:6)
  4 bullfrogs
  3 kobold brigands
  A necrophage (D:6)
  6 scorpions
  8 wights
  6 killer bees (D:8)
  4 howler monkeys
  A crimson imp (D:9)
  A centaur zombie (Ossuary)
  2 jellies
  8 orc priests
  A human zombie (Ossuary)
  Crazy Yiuf (D:6)
  An iron imp (D:9)
  4 iguanas
  10 orc wizards
  2 mummies (Ossuary)
  8 gnolls
  4 adders
  2 shadow imps
  A white imp (D:9)
  2 ufetubi
  2 adder zombies (Ossuary)
  10 dart slugs (D:3)
  29 orcs
  3 bats
  6 endoplasms
  2 giant cockroaches
  5 hobgoblins
  8 jackals
  19 kobolds
  A quokka (D:1)
  5 ball pythons
  3 frilled lizards
  8 goblins
  5 goblin zombies
  10 hobgoblin zombies (Ossuary)
  A jackal zombie (Ossuary)
  12 kobold zombies (Ossuary)
  4 orc zombies (Ossuary)
  A quokka zombie (D:8)
  3 rats
286 creatures vanquished.

Vanquished Creatures (others)
  2 orc wizards
  5 fungi (D:6)
7 creatures vanquished.

Grand Total: 293 creatures vanquished

Notes
Turn   | Place    | Note
-------+----------+-------------------------------------------
     0 | D:1      | DildoBatman the Formicid Conjurer began the quest for the
                  | Orb.
     0 | D:1      | Reached XP level 1. HP: 13/13 MP: 3/3
   259 | D:1      | Reached XP level 2. HP: 20/20 MP: 1/5
   262 | D:1      | Learned a level 2 spell: Searing Ray
   544 | D:1      | Reached skill level 1 in Armour
   548 | D:1      | Reached skill level 1 in Fighting
   548 | D:1      | Reached XP level 3. HP: 26/26 MP: 0/6
  1665 | D:3      | Reached XP level 4. HP: 31/32 MP: 0/8
  1807 | D:3      | Found an ornate altar of the Wu Jian Council.
  2159 | D:3      | Identified the +7 short sword "Qisuad" {vorpal, rElec rPois
                  | rF-}
  2459 | D:3      | Found Ridwusm's Weapon Boutique.
  2464 | D:3      | Found a faded altar of an unknown god.
  2487 | D:3      | Identified the +0 helmet of Hangman {+Blink Will+ rCorr
                  | Str+3}
  2621 | D:4      | Found a transporter.
  2621 | D:4      | Noticed vvl's ghost (amateur DsVM)
  2621 | D:4      | Noticed an ogre
  2666 | D:4      | Noticed a black bear
  2677 | D:4      | Found a staircase to the Ecumenical Temple.
  2684 | Temple   | Entered the Ecumenical Temple
  2694 | Temple   | Became a worshipper of Kikubaaqudgha
  2715 | D:4      | Killed a black bear
  2716 | D:4      | Reached XP level 5. HP: 39/39 MP: 3/10
  2765 | D:4      | Reached XP level 6. HP: 46/46 MP: 3/11
  2844 | D:4      | Identified the +11 falchion "Jageat" {freeze, Str+4}
  3311 | D:4      | Found a transporter.
  3421 | D:4      | Killed an ogre
  3422 | D:4      | Reached XP level 7. HP: 52/52 MP: 5/13
  3465 | D:5      | Entered Level 5 of the Dungeon
  3482 | D:5      | Reached skill level 5 in Conjurations
  3574 | D:5      | Reached skill level 5 in Spellcasting
  3598 | D:5      | Reached XP level 8. HP: 47/58 MP: 0/15
  4198 | D:5      | Found a sacrificial altar of Ru.
  4198 | D:5      | Identified the +4 short sword "Higuats" {vorpal, Int+6}
  4355 | D:6      | Noticed Sigmund
  4461 | D:6      | Reached * piety under Kikubaaqudgha
  4461 | D:6      | Received a gift from Kikubaaqudgha
  4470 | D:6      | Reached XP level 9. HP: 13/65 MP: 15/19
  4474 | D:6      | HP: 2/63 [poisoned by a kobold brigand]
  4643 | D:6      | Noticed Pikel
  4651 | D:6      | Killed Pikel
  4652 | D:6      | Reached skill level 5 in Fighting
  4652 | D:6      | Reached skill level 5 in Armour
  4823 | D:6      | Killed Sigmund
  5015 | D:6      | Found a basalt altar of Yredelemnul.
  5101 | D:6      | Reached XP level 10. HP: 56/77 MP: 12/20
  5314 | D:6      | Found a runed translucent door.
  5315 | D:6      | Noticed Crazy Yiuf
  5339 | D:6      | Killed Crazy Yiuf
  5385 | D:6      | Identified the +6 hammer of Desertification {drain, rCorr
                  | Dex+2 Stlth+}
  5431 | D:6      | Learned a level 2 spell: Sublimation of Blood
  5460 | D:7      | Noticed Menkaure
  5466 | D:7      | Killed Menkaure
  5467 | D:7      | Reached skill level 5 in Dodging
  5533 | D:7      | Reached ** piety under Kikubaaqudgha
  5642 | D:7      | Found Befuk's General Store.
  5815 | D:7      | Noticed Maggie
  5825 | D:7      | Killed Maggie
  6237 | D:7      | Gained mutation: You are agile. (Dex +4, Str/Int -1)
                  | [potion of mutation]
  6237 | D:7      | Gained mutation: You expend magic power (3 MP) to
                  | strengthen your wands. [potion of mutation]
  6237 | D:7      | Gained mutation: You have hidden genetic defects. [potion
                  | of mutation]
  6258 | D:8      | Found a snail-covered altar of Cheibriados.
  6538 | D:8      | Found a sand-covered staircase.
  6597 | Ossuary  | Entered an ossuary
  6716 | Ossuary  | Reached *** piety under Kikubaaqudgha
  6716 | Ossuary  | Received a gift from Kikubaaqudgha
  6847 | Ossuary  | Lost mutation: You have hidden genetic defects. [potion of
                  | mutation]
  6847 | Ossuary  | Lost mutation: You expend magic power (3 MP) to strengthen
                  | your wands. [potion of mutation]
  6847 | Ossuary  | Lost mutation: You are agile. (Dex +4, Str/Int -1) [potion
                  | of mutation]
  6847 | Ossuary  | Gained mutation: You possess an exceptional clarity of
                  | mind. [potion of mutation]
  6847 | Ossuary  | Gained mutation: Your movements are slightly less
                  | encumbered by armour. (ER -2) [potion of mutation]
  6847 | Ossuary  | Gained mutation: You expend magic power (3 MP) to
                  | strengthen your wands. [potion of mutation]
  7166 | D:8      | Reached skill level 1 in Necromancy
  7216 | D:8      | Noticed a komodo dragon
  7329 | D:8      | Killed a komodo dragon
  7358 | D:8      | Noticed a komodo dragon
  7464 | D:8      | Found a staircase to the Lair.
  7552 | D:8      | Killed a komodo dragon
  7553 | D:8      | Reached XP level 11. HP: 19/87 MP: 3/21
  7558 | D:8      | Learned a level 4 spell: Dispel Undead
  7684 | D:4      | Killed vvl's ghost
  7800 | D:7      | Bought a scroll of fog for 60 gold pieces
  7889 | D:9      | Found an opulent altar of Gozag.
  7996 | D:9      | Found an iron altar of Okawaru.
  7997 | D:9      | Noticed a two-headed ogre
  8060 | D:9      | Killed a two-headed ogre
  8239 | D:9      | Reached **** piety under Kikubaaqudgha
  8790 | D:9      | Noticed a deep elf zephyrmancer
  8801 | D:9      | Killed a deep elf zephyrmancer
  8876 | D:9      | Noticed a deep elf zephyrmancer
  8888 | D:9      | Killed a deep elf zephyrmancer
  8896 | D:9      | Learned a level 3 spell: Mephitic Cloud
  8962 | D:10     | Entered Level 10 of the Dungeon
  8968 | D:10     | Reached skill level 1 in Poison Magic
  9024 | D:10     | Reached skill level 1 in Air Magic
  9103 | D:10     | Found a burning altar of Makhleb.
  9261 | D:10     | Noticed a two-headed ogre
  9570 | D:10     | Noticed a goliath frog
  9725 | D:10     | Killed a two-headed ogre
  9922 | D:10     | Noticed an orb spider
  9934 | D:10     | Noticed an anaconda
  9941 | D:10     | Noticed an alligator
  9976 | D:10     | Noticed a broodmother
  9976 | D:10     | an alligator changed into a broodmother
  9980 | D:10     | Noticed an orb spider
  9994 | D:10     | Noticed a bunyip
  9994 | D:10     | a broodmother changed into a bunyip
  9997 | D:10     | Noticed an anaconda
  9997 | D:10     | a bunyip changed into an anaconda
 10007 | D:10     | Noticed a steelbarb worm
 10007 | D:10     | an anaconda changed into a steelbarb worm
 10158 | D:10     | Identified the +2 robe of the Curious Seers {rF+ rC+}
 10457 | D:10     | Noticed a two-headed ogre
 10468 | D:10     | Killed a two-headed ogre
 10469 | D:10     | Reached skill level 5 in Poison Magic
 10469 | D:10     | Reached XP level 12. HP: 72/96 MP: 9/22
 10602 | D:11     | Noticed a two-headed ogre
 10612 | D:11     | Noticed Grum
 10618 | D:11     | Noticed a soul eater
 10756 | D:11     | Identified the +4 morningstar "Pueces" {holy, rN+ Str+6}
 10763 | D:11     | Killed Grum
 10765 | D:11     | Reached skill level 5 in Necromancy
 10787 | D:11     | Killed a two-headed ogre
 10856 | D:11     | Noticed a four-headed hydra
 10860 | D:11     | Noticed a two-headed ogre
 11273 | D:11     | Noticed a two-headed ogre
 11654 | D:11     | Noticed a five-headed hydra
 11996 | D:10     | Slain by a cyclops

Illustrated notes

Levels and vault maps discovered:
D:1:      minmay_arrival_five_plusses, layout_loops_ring, minmay_ruptured
D:2:      layout_loops_corners
D:3:      kennysheep_slugbush, layout_basic, mainiacjoe_overflow_tiny_flanked,
          hellmonk_ecumenical_altar_leap_of_faith, serial_shops, shop
D:4:      layout_basic, minmay_temple_entry_enclosed_plants,
          gammafunk_ghost_arena
D:5:      layout_basic, mainiacjoe_overflow_small_starburst, wad_rectangle_vault
D:6:      layout_rooms, nicolae_overflow_hidden_temple, hex_intersection,
          uniq_pikel, uniq_sigmund, uniq_crazy_yiuf_cottage
D:7:      layout_gridville, serial_shops, shop, kennysheep_generic_room_12,
          uniq_maggie, uniq_menkaure
D:8:      layout_basic, cheibriados_altar_1, erik_lair_dragon, enter_ossuary_4
D:9:      layout_gridville, mainiacjoe_overflow_surrounded_room,
          mainiacjoe_overflow_paths, hangedman_minor_magic
D:10:     layout_grid_maze, old_standard_altar
D:11:     minmay_the_grid_octo_tiled_squarecenter_mashed
          [minmay_the_grid_octo_shrine, minmay_the_grid_octo_fan_narrow,
          minmay_the_grid_octo_fat_diamond, minmay_the_grid_octo_pinwheel,
          minmay_the_grid_square_5x5_megaprize_hollow,
          minmay_the_grid_square_5x5_mess, minmay_the_grid_square_5x5_six,
          minmay_the_grid_square_5x5_dogpile,
          minmay_the_grid_square_5x5_broken_cross], layout_cave_pools, uniq_grum
Temple:   nicolae_temple_no_exploring_needed

Skill      XL: |  1  2  3  4  5  6  7  8  9 10 11 12 |
---------------+-------------------------------------+-----
Dodging        | 2 4 6 7 |  7.2
Armour         | 1 2 3 4 6 8 9 |  9.3
Fighting       | 1 2 3 4 6 8 9 |  9.4
Conjurations   | 4 5 6 |  6.0
Spellcasting   | 3 4 5 7 |  7.0
Necromancy     | 2 4 6 |  6.1
Poison Magic   | 5 7 |  7.0
Air Magic      | 3 4 |  4.9
Stealth        | |  2.4

Action                   |  1- 3 |  4- 6 |  7- 9 | 10-12 || total
-------------------------+-------+-------+-------+-------++-------
Melee: Dagger            |    23 |     8 |       |       ||    31
       Short sword       |       |    19 |    10 |    12 ||    41
       Falchion          |       |     6 |    55 |   169 ||   230
       Punch             |       |       |       |     3 ||     3
       Mace              |       |       |       |     7 ||     7
Throw: Throwing net      |       |       |       |     1 ||     1
 Cast: Magic Dart        |    53 |    32 |    27 |    62 ||   174
       Searing Ray       |     5 |     4 |    29 |    90 ||   128
       Mephitic Cloud    |       |       |       |    35 ||    35
       Dispel Undead     |       |       |       |     4 ||     4
       Sublimation of Bl |       |       |       |     1 ||     1
 Abil: Dig               |       |     1 |     3 |     5 ||     9
       Shaft Self        |       |       |       |     1 ||     1
Evoke: Wand              |       |     1 |       |     2 ||     3
  Use: Scroll            |       |     6 |     1 |     9 ||    16
       Potion            |       |       |     2 |     4 ||     6
 Stab: Sleeping          |     1 |       |     1 |     3 ||     5
       Distracted        |       |     1 |       |       ||     1
       Invisible         |       |       |       |     1 ||     1
       Confused          |       |       |       |     1 ||     1
       Held in net/web   |       |       |       |     1 ||     1
Armor: Robe              |    11 |     9 |    17 |    31 ||    68
       Acid dragon scale |       |       |       |    84 ||    84
       Ring mail         |       |       |       |    18 ||    18
Dodge: Dodged            |    24 |    28 |    84 |   306 ||   442
